[ AOE2 MATCH · #508069971 ]
UnrankedJapanese vs Spanish
Player's team · LOSS
Rival team · WIN
[ REPLAY ANALYSIS · EXTRACTED FROM THE RECORDED GAME ]
Feudal
9:44
Castle
—
Imperial
—
| APM avg | 53.6 |
| APM peak | 85 |
| eAPM avg | 25.1 |
| Villagers / military | 26 / 10 |
Focus
⚔️ 26.2% · 🌾 73.8%
Militia ×7 · Archer ×3
Feudal
9:39
Castle
—
Imperial
—
| APM avg | 41.7 |
| APM peak | 64 |
| eAPM avg | 18.0 |
| Villagers / military | 30 / 0 |
Focus
⚔️ 29.7% · 🌾 70.3%
Match map
Initial resources + every placement click. Lines = walls · curves = elevation contours. ◆ gold · ⬟ stone · ● berries · ✦ relic · ◌ wall gap
Your base· Open — unwalled flank
francisarm_08's base· Open — 8t gap
Smoothed initial terrain · ◌ = detected wall gap · hover for details
Inputs per minute
— CTM | El Inadecuado - - francisarm_08
Build order — CTM | El Inadecuado
67 actions detected in the replay
| 0:00 | Queue | Villager (Male) |
| 0:01 | Queue | Villager (Male) |
| 0:02 | Build | House |
| 0:03 | Build | House |
| 0:08 | Queue | Villager (Male) |
| 0:09 | Queue | Villager (Male) |
| 1:08 | Queue | Villager (Male) |
| 1:09 | Queue | Villager (Male) |
| 1:52 | Build | Lumber Camp |
| 1:58 | Build | Lumber Camp |
| 2:02 | Queue | Villager (Male) |
| 2:13 | Queue | Villager (Male) |
| 2:38 | Queue | Villager (Male) |
| 2:57 | Queue | Villager (Male) |
| 3:40 | Queue | Villager (Male) |
| 3:49 | Build | House |
| 4:00 | Build | Mill |
| 4:02 | Queue | Villager (Male) |
| 4:16 | Queue | Villager (Male) |
| 4:17 | Queue | Villager (Male) |
| 5:13 | Queue | Villager (Male) |
| 5:14 | Queue | Villager (Male) |
| 5:14 | Queue | Villager (Male) |
| 5:45 | Build | House |
| 6:02 | Queue | Villager (Male) |
| 6:02 | Queue | Villager (Male) |
| 6:18 | Build | Barracks |
| 6:34 | Research | Loom |
| 7:29 | Build | Mining Camp |
| 7:34 | Research | Feudal Age |
| 7:58 | Build | House |
| 8:01 | Queue | Militia |
| 8:01 | Queue | Militia |
| 8:30 | Queue | Militia |
| 8:30 | Queue | Militia |
| 8:56 | Build | Mill |
| 9:44 | Age | Feudal Age |
| 9:46 | Research | Man-at-Arms (upgrade) |
| 10:03 | Build | Palisade Gate |
| 10:06 | Build | Palisade Wall |
| 10:33 | Queue | Militia |
| 10:34 | Queue | Militia |
| 10:49 | Queue | Militia |
| 10:58 | Build | Mining Camp |
| 11:16 | Build | Watch Tower |
| 11:23 | Build | House |
| 11:25 | Queue | Villager (Male) |
| 11:25 | Queue | Villager (Male) |
| 11:35 | Build | Archery Range |
| 12:47 | Queue | Archer |
| 12:47 | Queue | Archer |
| 12:47 | Queue | Archer |
| 12:58 | Build | Farm |
| 13:00 | Build | Farm |
| 13:01 | Build | Farm |
| 13:29 | Queue | Villager (Male) |
| 13:32 | Build | House |
| 13:37 | Build | Palisade Wall |
| 13:53 | Queue | Villager (Male) |
| 14:05 | Build | Watch Tower |
| 14:20 | Queue | Villager (Male) |
| 15:14 | Build | Watch Tower |
| 15:21 | Queue | Villager (Male) |
| 15:21 | Queue | Villager (Male) |
| 15:22 | Build | Farm |
| 15:23 | Build | Farm |
| 15:23 | Build | Farm |
Build order — francisarm_08
71 actions detected in the replay
| 0:00 | Queue | Villager (Male) |
| 0:01 | Queue | Villager (Male) |
| 0:01 | Queue | Villager (Male) |
| 0:05 | Build | House |
| 0:06 | Build | House |
| 0:21 | Queue | Villager (Male) |
| 0:28 | Build | House |
| 1:30 | Queue | Villager (Male) |
| 1:30 | Queue | Villager (Male) |
| 2:03 | Queue | Villager (Male) |
| 2:03 | Queue | Villager (Male) |
| 2:15 | Build | Mill |
| 2:16 | Queue | Villager (Male) |
| 2:17 | Queue | Villager (Male) |
| 2:48 | Queue | Villager (Male) |
| 2:48 | Queue | Villager (Male) |
| 2:57 | Queue | Villager (Male) |
| 3:30 | Queue | Villager (Male) |
| 3:41 | Queue | Villager (Male) |
| 3:41 | Queue | Villager (Male) |
| 4:05 | Queue | Villager (Male) |
| 4:51 | Queue | Villager (Male) |
| 4:51 | Queue | Villager (Male) |
| 5:29 | Queue | Villager (Male) |
| 5:30 | Queue | Villager (Male) |
| 5:30 | Queue | Villager (Male) |
| 5:52 | Research | Loom |
| 6:34 | Build | Lumber Camp |
| 6:42 | Build | Palisade Wall |
| 6:44 | Build | Palisade Wall |
| 6:55 | Build | Palisade Wall |
| 7:00 | Build | Palisade Wall |
| 7:29 | Research | Feudal Age |
| 7:29 | Research | Feudal Age |
| 8:07 | Build | House |
| 8:51 | Build | Mining Camp |
| 9:36 | Build | Palisade Wall |
| 9:39 | Age | Feudal Age |
| 9:47 | Research | Town Watch |
| 9:53 | Build | Palisade Wall |
| 10:25 | Build | House |
| 10:26 | Build | Palisade Wall |
| 10:35 | Build | House |
| 10:37 | Build | House |
| 10:39 | Queue | Villager (Male) |
| 10:43 | Build | House |
| 10:53 | Build | Watch Tower |
| 10:56 | Queue | Villager (Male) |
| 11:00 | Build | Palisade Wall |
| 11:04 | Build | Palisade Wall |
| 11:18 | Queue | Villager (Male) |
| 11:22 | Build | Palisade Wall |
| 11:29 | Build | Watch Tower |
| 11:36 | Build | House |
| 11:39 | Build | House |
| 11:43 | Build | Palisade Wall |
| 11:52 | Queue | Villager (Male) |
| 11:58 | Build | Palisade Wall |
| 12:08 | Queue | Villager (Male) |
| 12:08 | Queue | Villager (Male) |
| 12:32 | Build | Watch Tower |
| 13:17 | Queue | Villager (Male) |
| 13:29 | Queue | Villager (Male) |
| 14:13 | Build | Farm |
| 14:15 | Build | Farm |
| 14:51 | Build | Palisade Wall |
| 14:53 | Build | Palisade Wall |
| 15:21 | Build | Watch Tower |
| 15:31 | Build | Farm |
| 15:32 | Build | Farm |
| 15:52 | Build | Watch Tower |
Match timeline
| 6:18 | CTM | El Inadecuado · first_building Barracks |
| 6:42 | francisarm_08 · wall_segment Palisade Wall x1 |
| 6:44 | francisarm_08 · wall_segment Palisade Wall x1 |
| 6:55 | francisarm_08 · wall_segment Palisade Wall x1 |
| 7:00 | francisarm_08 · wall_segment Palisade Wall x1 |
| 9:36 | francisarm_08 · wall_segment Palisade Wall x6 |
| 9:39 | francisarm_08 · age_up feudal |
| 9:44 | CTM | El Inadecuado · age_up feudal |
| 9:53 | francisarm_08 · wall_segment Palisade Wall x9 |
| 10:06 | CTM | El Inadecuado · wall_segment Palisade Wall x1 |
| 10:26 | francisarm_08 · wall_segment Palisade Wall x1 |
| 11:00 | francisarm_08 · wall_segment Palisade Wall x4 |
| 11:04 | francisarm_08 · wall_segment Palisade Wall x1 |
| 11:22 | francisarm_08 · wall_segment Palisade Wall x5 |
| 11:35 | CTM | El Inadecuado · first_building Archery Range |
| 11:43 | francisarm_08 · wall_segment Palisade Wall x1 |
| 11:58 | francisarm_08 · wall_segment Palisade Wall x9 |
| 13:37 | CTM | El Inadecuado · wall_segment Palisade Wall x3 |
| 14:51 | francisarm_08 · wall_segment Palisade Wall x2 |
| 14:53 | francisarm_08 · wall_segment Palisade Wall x1 |
| 16:05 | CTM | El Inadecuado · resign |
[ AI ANALYSIS · 1 CREDIT ]
What really happened in this match?
Wolo.gg analyzes every decision: build order, eco, micro, common mistakes by bracket. Personalized analysis on WhatsApp or Discord in 30 seconds.
Civ guide
Japanese
Perfil
CTM | El Inadecuado